 Seeded DCSS version 0.28.0-62-gf88900778d (webtiles) character file.

Game seed: 13615632865537714374 (custom seed)

242 cbfl8 the Chopper (level 5, -1/47 HPs)
             Began as a Minotaur Fighter on Mar 12, 2024.
             Killed by divine providence
             ... invoked by an orc priest
              (13 damage)
             ... on level 4 of the Dungeon.
             The game lasted 00:03:14 (2734 turns).

cbfl8 the Chopper (Minotaur Fighter)                Turns: 2734, Time: 00:03:15

Health: -1/47      AC:  9    Str: 20    XL:     5   Next: 81%
Magic:  4/4        EV: 11    Int:  5    God:
Gold:   221        SH:  5    Dex: 12    Spells: 4/4 levels left

rFire   + . .      SeeInvis .   a - +0 war axe
rCold   + . .      Faith    .   c - +0 buckler
rNeg    . . .      Spirit   .   f - +0 chain mail
rPois   .          Reflect  .   (helmet restricted)
rElec   .          Harm     .   i - scarf {rC+ rF+}
rCorr   .          Rampage  .   (no gloves)
Will    +....                   (no boots)
Stlth   ..........              (no amulet)
HPRegen 0.15/turn               j - +4 ring of evasion
MPRegen 0.09/turn               q - ring of willpower

@: no status effects
A: horns 2, retaliatory headbutt
a: no special abilities


You were on level 4 of the Dungeon.
You visited 1 branch of the dungeon, and saw 4 of its levels.

You collected 221 gold pieces.

Inventory:

Hand Weapons
 a - a +0 war axe (weapon)
Armour
 c - a +0 buckler (worn)
 f - a +0 chain mail (worn)
 i - a scarf of resistance (worn)
 r - a +0 pair of boots
Jewellery
 j - a +4 ring of evasion (left hand)
 k - a ring of ice
 q - a ring of willpower (right hand)
Scrolls
 b - a scroll of fear
 g - 4 scrolls of identify
 h - a scroll of immolation
 l - 3 scrolls of teleportation
 s - a scroll of noise {unknown}
 t - a scroll of vulnerability {unknown}
Potions
 d - 2 potions of might
 e - a potion of degeneration {unknown}
 m - a potion of lignification {unknown}
 n - a potion of flight {unknown}
 o - 2 potions of ambrosia {unknown}
 p - a potion of mutation {unknown}
 u - a potion of haste {unknown}


   Skills:
 + Level 4.4 Fighting
 + Level 5.0 Axes
 + Level 4.7 Armour
 + Level 4.0 Shields
 * Level 2.1 Evocations


You had 4 spell levels left.
You didn't know any spells.
Your spell library contained the following spells:

 Spells                   Type           Power      Damage    Failure   Level
 Dispersal                Tloc           0%         N/A       100%        6
 Disjunction              Tloc           0%         N/A       100%        8


Dungeon Overview and Level Annotations

Branches:
Dungeon (4/15)
 Temple: D:4-7

Altars:
Sif Muna
Yredelemnul
Zin

Shops:
D:3 :


Innate Abilities, Weirdness & Mutations

You have a pair of horns on your head.
You reflexively headbutt those who attack you in melee.


Message History

You slash the endoplasm!
You kill the endoplasm!
You hit the orc. x2; You closely miss the orc priest.
The orc completely misses you. You furiously retaliate!
You headbutt the orc. You block the orc's attack.
The orc priest mumbles some strange prayers to Beogh against you.
Beogh smites you!
You slash the orc!
You kill the orc!
You completely miss the orc. You hit the orc priest. You closely miss the orc.
The orc closely misses you. You furiously retaliate!
You headbutt the orc. The orc barely misses you.
The orc priest hits you with a +5 dagger.
The orc hits you but does no damage.
You are too injured to fight recklessly!
Unknown command.
You hit the orc priest but do no damage.
The orc priest is moderately wounded.
You slash the orc!
You kill the orc!
You closely miss the orc. You block the orc priest's attack.
The orc closely misses you.
You completely miss the orc priest. Your headbutt misses the orc priest.
The orc priest is moderately wounded.
You hit the orc.
You kill the orc!
The orc priest mumbles some strange prayers to Beogh against you.
Beogh smites you!
* * * LOW HITPOINT WARNING * * *
The orc priest hits you but does no damage.
Your Axes skill increases to level 5!
As you read the scroll of fear, it crumbles to dust.
You assume a fearsome visage.
The orc priest looks frightened!
You hit the orc priest but do no damage.
Your attack snaps the orc priest out of its fear.
You headbutt the orc priest!
The orc priest is almost dead.
The orc priest invokes the aid of Beogh against you.
Beogh smites you!
You die...

##....... #.........
#..........# .
#..........# ...
#..........# ....######
#..........#
#.....).o####.........##
#
......)@...............#
###
......)..####..........#
..#
###..######............#
#... .... #.#..........#
...#
###..######.#..........#
....
.........##........##
####
.###....####......## #
#....########### #
####...#


You could see an orc priest.

Vanquished Creatures
  A centaur skeleton (D:4)
  An iguana (D:4)
  An orc wizard (D:3)
  A hound skeleton (D:4)
  Robin (D:3)
  A howler monkey skeleton (D:4)
  2 adders (D:2)
  2 worms (D:2)
  2 dart slugs
  9 orcs
  7 endoplasms
  3 giant cockroaches
  17 goblins
  12 hobgoblins
  3 quokkas
  7 ball pythons
  7 bats
  3 frilled lizards (D:1)
  3 kobolds
  4 rats
87 creatures vanquished.

Notes
Turn   | Place    | Note
-------+----------+-------------------------------------------
     0 | D:1      | cbfl8 the Minotaur Fighter began the quest for the Orb.
     0 | D:1      | Reached XP level 1. HP: 19/19 MP: 0/0
   470 | D:1      | Reached XP level 2. HP: 23/27 MP: 1/1
   709 | D:1      | Reached skill level 1 in Evocations
   709 | D:1      | Reached XP level 3. HP: 25/33 MP: 2/2
   857 | D:1      | Reached skill level 3 in Axes
   917 | D:1      | You fall into a shaft and drop 1 floor!
  1480 | D:2      | Reached XP level 4. HP: 35/40 MP: 3/3
  1557 | D:2      | Found a basalt altar of Yredelemnul.
  1812 | D:3      | Found a faded altar of an unknown god.
  1877 | D:3      | Noticed Robin
  1889 | D:3      | Killed Robin
  1892 | D:3      | Reached skill level 4 in Axes
  1990 | D:3      | Reached XP level 5. HP: 43/46 MP: 4/4
  2129 | D:3      | Found Syilojul's Book Shop.
  2465 | D:4      | Found a glowing silver altar of Zin.
  2647 | D:4      | Found a shimmering blue altar of Sif Muna.
  2733 | D:4      | Reached skill level 5 in Axes
  2734 | D:4      | Killed from afar by an orc priest

Illustrated notes

Levels and vault maps discovered:
D:1:      minmay_arrival_widening_spiral_narrow, layout_rooms,
          corexii_item_surrounded_by_moat, kennysheep_pointless_box,
          nrook_mini_backslash, serial_park_tiny_pond, minmay_statues_item,
          chequers_decorated_corner
D:2:      layout_loops_ring, basic_altar
D:3:      layout_rooms, serial_shops, nicolae_shop_behind_doors,
          hellmonk_ecumenical_altar_leap_of_faith, corner_web_ring, uniq_robin
D:4:      layout_rooms, nicolae_overflow_crystal_walls,
          mainiacjoe_overflow_cross_hatched

Skill      XL: |  1  2  3  4  5 |
---------------+----------------+-----
Armour         | 4 |  4.7
Evocations     | 1 2 |  2.1
Fighting       | 4 |  4.4
Axes           | 3 4 5 |  5.0
Shields        | 4 |  4.0

Action                   |  1- 3 |  4- 6 || total
-------------------------+-------+-------++-------
Melee: War axe           |    95 |    74 ||   169
       Headbutt          |    17 |    16 ||    33
  Use: Scroll            |       |     5 ||     5
Armor: Scale mail        |     6 |       ||     6
       Chain mail        |    54 |    36 ||    90
Dodge: Dodged            |    37 |    41 ||    78
Block: Buckler           |    26 |    22 ||    48
